 Dungeon Crawl Stone Soup version 0.30-a0-639-g3916f1956a (webtiles) character file.

Game seed: 10463176613525158250

35 rogsnak the Magician (level 3, 0/25 HPs)
             Began as a Gnoll Hedge Wizard on Jan 16, 2023.
             Slain by Terence
             ... wielding a +0 flail
              (11 damage)
             ... on level 2 of the Dungeon.
             The game lasted 00:05:08 (2250 turns).

rogsnak the Magician (Gnoll Hedge Wizard)           Turns: 2250, Time: 00:05:09

Health: 0/25       AC:  3    Str:  9    XL:     3   Next: 35%
Magic:  18/20      EV: 13    Int: 15    God:
Gold:   89         SH:  0    Dex: 11    Spells: 10/16 levels left

rFire   . . .      SeeInvis .    f - +0 short sword
rCold   . . .      Faith    .    (no shield)
rNeg    . . .      Spirit   .    b - +0 robe
rPois   .          Reflect  .    c - +0 hat
rElec   .          Harm     .    (no cloak)
rCorr   .          Rampage  .    (no gloves)
Will    .....                    r - +0 pair of boots
Stlth   ++                       (no amulet)
HPRegen 0.24/turn                j - ring of magical power
MPRegen 0.17/turn                (no ring)

@: no status effects
A: fangs 1, strong nose, distributed training
a: no special abilities


You were on level 2 of the Dungeon.
You visited 1 branch of the dungeon, and saw 3 of its levels.

You collected 89 gold pieces.

Inventory:

Hand Weapons
 a - a +0 dagger
 f - a +0 short sword (weapon)
 m - a +0 war axe
Armour
 b - a +0 robe (worn)
 c - a +0 hat (worn)
 r - a +0 pair of boots (worn)
Jewellery
 j - a ring of magical power (left hand)
 p - a ring of wizardry
Scrolls
 g - 5 scrolls of teleportation {unknown}
 i - a scroll of enchant weapon {unknown}
 k - a scroll of magic mapping {unknown}
 l - a scroll of noise {unknown}
 n - a scroll of blinking {unknown}
 q - a scroll of vulnerability {unknown}
 s - a scroll of acquirement {unknown}
Potions
 d - a potion of magic
 e - 2 potions of brilliance {unknown}
 h - 2 potions of lignification {unknown}
 o - a potion of heal wounds {unknown}


   Skills:
 + Level 0.8 Fighting
 + Level 0.8 Short Blades
 + Level 0.8 Long Blades
 + Level 0.8 Axes
 + Level 0.8 Maces & Flails
 + Level 0.8 Polearms
 + Level 0.8 Staves
 + Level 0.8 Ranged Weapons
 + Level 0.8 Throwing
 + Level 0.8 Armour
 + Level 4.5 Dodging
 + Level 4.1 Stealth
 + Level 0.8 Shields
 + Level 0.8 Unarmed Combat
 + Level 7.1 Spellcasting
 + Level 2.1 Conjurations
 + Level 0.5 Hexes
 + Level 2.1 Summonings
 + Level 0.5 Necromancy
 + Level 2.1 Translocations
 + Level 0.5 Transmutations
 + Level 0.5 Fire Magic
 + Level 0.5 Ice Magic
 + Level 0.5 Air Magic
 + Level 0.5 Earth Magic
 + Level 0.5 Poison Magic
 + Level 1.0 Invocations
 + Level 0.8 Evocations


You had 10 spell levels left.
You knew the following spells:

 Your Spells              Type           Power      Damage    Failure   Level
a - Magic Dart            Conj           44%        1d5       5%          1
b - Blink                 Tloc           22%        N/A       9%          2
c - Mephitic Cloud        Conj/Pois/Air  8%         N/A       26%         3

Your spell library contained the following spells:

 Spells                   Type           Power      Damage    Failure   Level
 Call Imp                 Summ           11%        N/A       9%          2
 Slow                     Hex            28%        N/A       11%         1
 Cigotuvi's Dreadful Rot  Necr/Pois/Air  14%        N/A       16%         2
 Confusing Touch          Hex            7%         N/A       30%         3
 Vampiric Draining        Necr           7%         2d6       30%         3


Dungeon Overview and Level Annotations

Branches:
Dungeon (3/15)

Altars:
Fedhas

Shops:
D:1 [   D:2 (

Annotations:
D:2 Terence


Innate Abilities, Weirdness & Mutations

You have very sharp teeth.
Your uncanny sense of smell can sniff out nearby items.
Your experience applies equally to all skills.


Message History

There is an open door here.
There is an open door here.
Casting: Magic Dart (safe; 5% risk of failure)
Confirm with . or Enter, or press ? or * to list all spells.
Aiming: Magic Dart (safe; 5% risk of failure)
Press: ? - help, Shift-Dir - straight line, f - Terence
Aim: Terence, wielding a +0 flail, wearing a +2 chain mail of willpower and wearing a ring of magical power (wandering, hasn't noticed you, 100% to hit)
Okay, then.
Terence shouts!
Casting: Magic Dart (safe; 5% risk of failure)
Confirm with . or Enter, or press ? or * to list all spells.
The spell is extremely dangerous to miscast (26% risk of failure)!
Continue anyway?
Aiming: Mephitic Cloud (extremely dangerous; 26% risk of failure)
Press: ? - help, Shift-Dir - straight line The ball explodes into a vile cloud!
The stinking cloud engulfs Terence but does no damage.
Terence is engulfed in noxious fumes.
Terence appears confused.
Terence laughs at nothing.
Terence hits you with a +0 flail!
Unknown command.
You strike the helpless Terence from behind!
You hit Terence but do no damage. You bite Terence, but do no damage.
Terence is engulfed in noxious fumes.
Terence closely misses you.
Terence hits himself with a +0 flail!
You hit Terence.
Terence is severely wounded.
You catch the helpless Terence completely off-guard!
You hit Terence.
Terence is severely wounded.
Terence hits you with a +0 flail!
You hit Terence but do no damage.
Terence is severely wounded.
Terence says, "Why is everything spinning?"
Terence closely misses you.
You hit Terence.
Terence is almost dead.
You hit Terence but do no damage.
Terence is almost dead.
Terence hits you with a +0 flail!
You die...

......#....>####.###.##....#
......#..........# #.......#
#######.###......#######...#
#...# #.###............######
#...###.# #..#######...##....
#.......# #..#######...##....
#######.###.............'....
#..........#####...##....
#...#...@#..## ######....
##### #..##...@##..# #....
....#####..#......#..# #....
.......##.##..##..##.## #####
##........#..####..#..# #
.#†....#..#..####..#..# #
.#........##..##..##..# #
...#.##.#..#......#..## #
####.##....##....##..# #


You could see Terence (confused).

Vanquished Creatures
  A dart slug (D:2)
  2 bats (D:2)
  6 giant cockroaches
  3 goblins (D:1)
  4 hobgoblins (D:1)
  A quokka (D:1)
  5 ball pythons
  3 frilled lizards (D:1)
  3 kobolds
  4 rats
32 creatures vanquished.

Notes
Turn   | Place    | Note
-------+----------+-------------------------------------------
     0 | D:1      | rogsnak the Gnoll Hedge Wizard began the quest for the Orb.
     0 | D:1      | Reached XP level 1. HP: 13/13 MP: 8/8
   397 | D:1      | Found Nour's Armour Emporium.
   431 | D:1      | Reached XP level 2. HP: 19/19 MP: 7/10
   727 | D:1      | Learned a level 2 spell: Blink
  1057 | D:1      | Reached XP level 3. HP: 24/25 MP: 11/11
  1588 | D:2      | Found a blossoming altar of Fedhas.
  1645 | D:2      | Reached skill level 1 in Invocations
  1662 | D:2      | Noticed Terence
  1907 | D:2      | Found Toaratid's Antique Weapon Shop.
  2001 | D:3      | Learned a level 3 spell: Mephitic Cloud
  2250 | D:2      | Slain by Terence

Illustrated notes

Levels and vault maps discovered:
D:1:      grunt_arrival_lava_bath, layout_basic, serial_shops, shop
D:2:      layout_basic, serial_shops, shop, basic_altar, minmay_misc_feat_iff,
          corexii_leaking_fountain, minmay_tetromino_l2, uniq_terence
D:3:      corexii_shack_village, layout_loops_ring,
          mainiacjoe_overflow_tiny_flanked

Skill      XL: |  1  2  3 |
---------------+----------+-----
Conjurations   | 2 |  2.1
Summonings     | 2 |  2.1
Translocations | 2 |  2.1
Invocations    | 1 |  1.0
Fighting       | |  0.8
Short Blades   | |  0.8
Long Blades    | |  0.8
Axes           | |  0.8
Maces & Flails | |  0.8
Polearms       | |  0.8
Staves         | |  0.8
Ranged Weapons | |  0.8
Throwing       | |  0.8
Armour         | |  0.8
Dodging        | |  4.5
Stealth        | |  4.1
Shields        | |  0.8
Unarmed Combat | |  0.8
Spellcasting   | |  7.1
Hexes          | |  0.5
Necromancy     | |  0.5
Transmutations | |  0.5
Fire Magic     | |  0.5
Ice Magic      | |  0.5
Air Magic      | |  0.5
Earth Magic    | |  0.5
Poison Magic   | |  0.5
Evocations     | |  0.8

Action                   || total
-------------------------++-------
Melee: Short sword       ||    26
       Bite              ||     2
       War axe           ||     3
 Cast: Magic Dart        ||    70
       Blink             ||     9
       Mephitic Cloud    ||     1
 Stab: Confused          ||     2
Armor: Robe              ||     4
Dodge: Dodged            ||    38

Table legend: (Time is in decaauts)
 A = Elapsed time spent in this place.
 B = Non-inter-level travel time spent in this place.
 C = Inter-level travel time spent in this place.
 D = Time resting spent in this place.
 E = Time spent auto-exploring this place.
 F = Levels seen in this place.
 G = Mean time per level.
                   A        B        C        D        E       F      G
               +--------+--------+--------+--------+--------+-----+--------+
         Total |   2249 |   2066 |    183 |     96 |   1481 |   3 |  749.7 |
       Dungeon |   2249 |   2066 |    183 |     96 |   1481 |   3 |  749.7 |
               +--------+--------+--------+--------+--------+-----+--------+

Top non-repeatable levels by time:
     D:1: 1604 daAuts
     D:2: 638 daAuts
     D:3: 6 daAuts
